 Dungeon Crawl Stone Soup version 0.31-a0-177-g4aa6249778 (webtiles) character file.

Game seed: 18339470604855191532

42 qw the Shooter (level 3, -4/32 HPs)
             Began as a Naga Hunter on June 18, 2023.
             Slain by a goblin
             ... wielding a +0 club
             ... led by Robin
              (6 damage)
             ... on level 2 of the Dungeon.
             The game lasted 00:00:20 (1080 turns).

qw the Shooter (Naga Hunter)                        Turns: 1080, Time: 00:00:20

Health: -4/32      AC:  3    Str: 13    XL:     3   Next: 54%
Magic:  3/3        EV:  9    Int:  9    God:
Gold:   68         SH:  0    Dex: 16    Spells: 2/2 levels left

rFire   . . .        Y - +1 shortbow
rCold   . . .        (shield currently unavailable)
rNeg    . . .        c - +0 leather armour
rPois   +            g - +0 helmet
rElec   .            (no cloak)
rCorr   .            (no gloves)
SInv    +            (no barding)
Will    .....        (no amulet)
Stlth   ++           (no ring)
HPRegen 0.25/turn    (no ring)
MPRegen 0.08/turn

%: no passive effects
@: short of breath, very slow
A: AC +1, large, see invisible, deformed body, poison resistance, slowness 2,
spit poison 1, naga tail 1
a: Spit Poison


You were on level 2 of the Dungeon.
You visited 1 branch of the dungeon, and saw 2 of its levels.

You collected 68 gold pieces.


Innate Abilities, Weirdness & Mutations

Your serpentine skin is tough. (AC +1)
You have supernaturally acute eyesight. (SInv)
Armour fits poorly on your strangely shaped body.
Your system is resistant to poisons. (rPois)
You cover ground very slowly.
You can spit poison.
You have a snake-like lower body.


   Skills:
 - Level 2.0 Fighting
 + Level 4.7 Ranged Weapons
 - Level 1.5 Dodging
 - Level 1.5 Stealth


You had 2 spell levels left.
You didn't know any spells.
Your spell library was empty.

Inventory:

Hand Weapons
 Y - a +1 shortbow (weapon)
Armour
 c - a +0 leather armour (worn)
 g - a +0 helmet (worn)
Jewellery
 a - a ring of fire
 b - a ring of protection from cold
Potions
 d - a potion of lignification {unknown}

Dungeon Overview and Level Annotations

Branches:
Dungeon (2/15)

Altars:

Annotations:
D:2 Robin


Message History

A goblin comes into view. It is wielding a +0 dagger.
Robin of the Strong Arm comes into view.
They are wielding a +0 trident.
You shoot an arrow. The arrow barely misses the goblin.
The arrow misses the goblin.
A goblin comes into view. It is wielding a +0 club.
Robin throws the goblin at you!
You shoot an arrow. The arrow closely misses the goblin.
The goblin shouts!
You have got your breath back.
The goblin hits you with a +0 club.
Robin roars a battlecry!
The goblins go into a battle-frenzy!
The goblin hits you with a +0 club.
1076 ||| INVOKING Spit Poison.
Aiming: Spit Poison (2% risk of failure)
Press: ? - help, Shift-Dir - straight line, f - goblin, p - goblin The splash of poison misses the goblin.
The ball python bites you. The goblin hits you with a +0 club.
The goblin completely misses you.
You shoot an arrow. The arrow hits the goblin.
You kill the goblin!
The ball python bites you but does no damage.
The goblin hits you but does no damage. The goblin barely misses you.
The ball python closely misses you.
You shoot an arrow. The arrow closely misses the goblin.
The ball python barely misses you. The goblin hits you with a +0 club.
The goblin hits you with a +0 dagger. The goblin barely misses you.
You shoot an arrow. The arrow hits the goblin!
You kill the goblin!
You have got your breath back.
The ball python bites you. The goblin hits you with a +0 club.
The goblin barely misses you.
The ball python bites you but does no damage.
1080 ||| INVOKING Spit Poison.
Aiming: Spit Poison (2% risk of failure)
Press: ? - help, Shift-Dir - straight line, f - goblin The splash of poison hits the goblin.
The goblin is poisoned.
The goblin is heavily wounded.
The goblin hits you with a +0 club. x2
You die...

#..# ...........
#.#..#
#########..
#.#..# #..
#.#..# ##'#
#.#..# #... ##
#.#..# #... ....
#.#..# #...
.....##g#..#
#...
..?)ggg@#..###
#...
.....gSgg....#
##..
......g......#
###
.............+
.............#
...............
####............
#..........###
####+####..#(#


You could see Robin, 7 goblins and a ball python.

Vanquished Creatures
  An adder (D:2)
  A dart slug (D:1)
  A ball python (D:1)
  3 bats
  An endoplasm (D:1)
  A giant cockroach (D:1)
  5 goblins
  4 hobgoblins
  4 jackals (D:1)
  A quokka (D:1)
  A kobold (D:1)
  2 rats
25 creatures vanquished.

Notes
Turn   | Place    | Note
-------+----------+-------------------------------------------
     0 | D:1      | qw the Naga Hunter began the quest for the Orb.
     0 | D:1      | Reached XP level 1. HP: 19/19 MP: 1/1
     0 | D:1      | 0 ||| qw: Version: 0.3-a-5-g6f28e65
     0 | D:1      | 0 ||| qw: Game counter: 622
     0 | D:1      | 0 ||| qw: Always use a shield: true
     0 | D:1      | 0 ||| qw: God list: Okawaru
     0 | D:1      | 0 ||| qw: Allow faded altars: false
     0 | D:1      | 0 ||| qw: Do Orc after D:15 true
     0 | D:1      | 0 ||| qw: Do second Lair branch before Depths: true
     0 | D:1      | 0 ||| qw: Lair rune preference: random
     0 | D:1      | 0 ||| qw: Plans: Normal
     0 | D:1      | 0 ||| PLANNING D:1-11
     9 | D:1      | 9 ||| INVOKING Spit Poison.
    64 | D:1      | 64 ||| INVOKING Spit Poison.
    84 | D:1      | Reached skill level 4 in Ranged Weapons
    84 | D:1      | Reached XP level 2. HP: 26/26 MP: 2/2
    97 | D:1      | 97 ||| INVOKING Spit Poison.
   154 | D:1      | 154 ||| INVOKING Spit Poison.
   294 | D:1      | 294 ||| INVOKING Spit Poison.
   352 | D:1      | 352 ||| INVOKING Spit Poison.
   516 | D:1      | 516 ||| INVOKING Spit Poison.
   521 | D:1      | 521 ||| INVOKING Spit Poison.
   582 | D:1      | 582 ||| INVOKING Spit Poison.
   719 | D:1      | 719 ||| INVOKING Spit Poison.
   720 | D:1      | 720 ||| INVOKING Spit Poison.
   749 | D:1      | 749 ||| UPGRADING to +0 helmet.
   754 | D:1      | 754 ||| READING scroll labelled ZEJ XUCKAIVA.
   755 | D:1      | 755 ||| READING scroll labelled NIANKOPITSE.
   756 | D:1      | 756 ||| READING scroll labelled XIVVOM WIGUE.
   757 | D:1      | 757 ||| READING scroll labelled XINAGG GINO.
   758 | D:1      | 758 ||| READING scroll labelled XYPIAWOZACW.
   763 | D:1      | 763 ||| DROPPING scroll of butterflies.
   830 | D:2      | 830 ||| INVOKING Spit Poison.
   926 | D:2      | 926 ||| INVOKING Spit Poison.
   930 | D:2      | Reached XP level 3. HP: 32/32 MP: 3/3
   951 | D:2      | 951 ||| INVOKING Spit Poison.
   955 | D:2      | 955 ||| INVOKING Spit Poison.
   985 | D:2      | 985 ||| INVOKING Spit Poison.
  1049 | D:2      | 1049 ||| INVOKING Spit Poison.
  1056 | D:2      | 1056 ||| INVOKING Spit Poison.
  1071 | D:2      | 1071 ||| INVOKING Spit Poison.
  1073 | D:2      | Noticed Robin
  1076 | D:2      | 1076 ||| INVOKING Spit Poison.
  1079 | D:2      | HP: 6/32 [goblin/+0 club[Robin] (4)]
  1080 | D:2      | 1080 ||| INVOKING Spit Poison.
  1080 | D:2      | HP: 2/32 [goblin/+0 club[Robin] (4)]
  1080 | D:2      | Slain by a goblin

Levels and vault maps discovered:
D:1:      dpeg_arrival_rhombus, layout_basic, minmay_crystal_room
D:2:      layout_basic, item_on_display_a, uniq_terence, uniq_robin

Skill      XL: |  1 |
---------------+----+-----
Ranged Weapons | 4 |  4.7
Fighting       | |  2.0
Dodging        | |  1.5
Stealth        | |  1.5

Action                     || total
---------------------------++-------
   Fire: Shortbow          ||    49
Ability: Spit Poison       ||    20
    Use: Scroll            ||     5
 Armour: Leather armour    ||    18
  Dodge: Dodged            ||    15

Table legend:
 A = Non-vault XP
 B = Vault XP
 C = Vault XP percentage of total XP
 D = Non-vault monster count
 E = Vault monster count
 F = Vault count percentage of total count
                 A         B        C        D         E       F
            +---------+---------+-------+---------+---------+-------
      Total |      53 |       7 |  11.7 |      21 |       4 |  16.0
            +---------+---------+-------+---------+---------+-------
        D:1 |      32 |       0 |   0.0 |      16 |       0 |   0.0
        D:2 |      21 |       7 |  25.0 |       5 |       4 |  44.4
            +---------+---------+-------+---------+---------+-------
